Map: Frozen Temple

Players

ChicagoMedic - Winner!

  • Race: Protoss Protoss
  • League: Gold

Alitogdl

  • Race: Zerg Zerg
  • League: Silver

VOD

Have the link to the VOD?

Description

Time

  • Played on: Oct. 12, 2016, 12:24 p.m.
  • Length: 11:49
Show
View Real Time Build Order
Export as new Build Order

ChicagoMedic Protoss - Winner!

Build Orders: Dark Templar Rush 

Get SALT Encoding   

  12  0:01  Probe (Chrono Boost)  
  13  0:15  Pylon  
  13  0:19  Probe (Chrono Boost)  
  14  0:29  Probe (Chrono Boost)  
  14  0:34  Assimilator  
  15  0:39  Assimilator  
  15  0:42  Probe (Chrono Boost)  
  16  0:51  Gateway  
  16  0:58  Probe (Chrono Boost)  
  17  1:08  Probe (Chrono Boost)  
  18  1:19  Probe (Chrono Boost)  
  18  1:20  Pylon  
  19  1:30  Probe (Chrono Boost)  
  20  1:41  Cybernetics Core  
  20  1:43  Probe (Chrono Boost)  
  21  1:53  Zealot  
  23  1:57  Probe (Chrono Boost)  
  24  2:07  Probe (Chrono Boost)  
  25  2:14  Gateway  
  25  2:17  Warp Gate  
  25  2:22  Twilight Council  
  25  2:30  Stalker  
  27  2:42  Probe (Chrono Boost)  
  25  2:53  Probe (Chrono Boost)  
  24  3:03  Probe (Chrono Boost)  
  25  3:06  Dark Shrine  
  25  3:20  Probe (Chrono Boost)  
  26  3:32  Probe (Chrono Boost)  
  27  3:57  Gateway  
  27  4:17  Pylon  
  27  4:42  Dark Templar  
  27  4:43  Dark Templar  
  31  5:02  Pylon  
  31  5:21  Dark Templar x2  
  31  5:22  Dark Templar  
  35  5:56  Dark Templar x3  
  33  6:21  Charge  
  33  6:23  Gateway  
  33  6:34  Dark Templar  
  33  6:39  Pylon  
  35  6:43  Pylon  
  35  6:56  Dark Templar  
  37  7:24  Dark Templar  
  39  7:40  Dark Templar  
  39  8:38  Dark Templar x2  
  43  8:58  Nexus  
  41  9:09  Gateway x2  
  33  9:14  Gateway  
  29  9:20  Pylon  
  29  9:21  Pylon  
  29  9:24  Pylon  
  29  9:27  Zealot x2  
  29  9:28  Zealot  
  35  9:39  Pylon  
  35  9:40  Pylon  
  35  9:44  Mothership Core (Chrono Boost)  
  37  9:50  Archon  
  37  9:52  Zealot  
  37  9:53  Zealot x2  
  43  10:12  Probe (Chrono Boost)  
  43  10:14  Probe (Chrono Boost)  
  45  10:15  Pylon  
  45  10:17  Pylon  
  45  10:18  Pylon  
  45  10:21  Zealot x2  
  45  10:22  Zealot x5  
  45  10:26  Probe (Chrono Boost)  
  60  10:35  Probe (Chrono Boost)  
  61  10:38  Probe (Chrono Boost)  
  62  10:45  Zealot x2  
  62  10:46  Zealot x2  
  70  11:05  Probe (Chrono Boost)  
  70  11:07  Probe (Chrono Boost)  
  62  11:21  Zealot x4  
Show
View Real Time Build Order
Export as new Build Order

Alitogdl Zerg 

Build Orders: Pool First 

Get SALT Encoding   

  12  0:13  Drone x2  
  14  0:29  Spawning Pool  
  13  0:41  Overlord  
  13  0:46  Drone  
  14  0:51  Extractor  
  14  0:52  Drone  
  14  1:01  Drone  
  15  1:16  Queen  
  17  1:23  Zergling x4  
  19  1:28  Drone  
  20  1:43  Drone  
  21  1:57  Drone  
  22  2:12  Overlord  
  22  2:16  Overlord  
  21  2:44  Drone x4  
  24  2:52  Zergling x2  
  25  3:02  Hatchery  
  24  3:13  Extractor  
  23  3:21  Roach Warren  
  23  3:23  Drone x4  
  26  3:36  Hatchery  
  25  3:56  Lair  
  25  4:02  Roach x5  
  35  4:34  Roach x3  
  41  5:05  Roach  
  41  5:06  Roach x3  
  49  5:12  Overlord x3  
  44  5:36  Overseer  
  44  5:54  Spore Crawler  
  43  6:20  Drone x3  
  43  6:22  Hatchery  
  45  6:46  Spore Crawler  
  44  6:54  Spine Crawler  
  43  7:09  Drone  
  43  7:11  Drone  
  45  7:39  Queen  
  47  7:47  Drone  
  47  7:48  Drone  
  49  7:55  Lair  
  49  7:59  Drone  
  50  8:08  Spine Crawler  
  47  8:25  Spore Crawler  
  43  8:28  Roach  
  43  8:29  Roach  
  43  8:30  Roach  
  49  8:35  Evolution Chamber  
  48  8:59  Roach x2  
  48  9:02  Queen  
  51  9:23  Overseer  
  51  9:31  Zerg Ground Armor Level 1  
  51  9:38  Evolution Chamber  
  50  9:49  Hatchery  
  49  9:54  Drone x2  
  49  9:55  Drone  
  52  10:13  Drone  
  53  10:26  Drone x2  
  55  10:30  Roach x2  
  59  10:49  Hydralisk Den  
  58  10:53  Overlord x2  
  58  10:55  Overlord  
  58  11:17  Spore Crawler  
  41  11:21  Roach x2  
  41  11:22  Roach  
Tags
 
Add a new tag
Caveats
  • Supply blocks, unpowered buildings, or Contaminate may cause inaccurate times.
  • Supply counts are checked every 10 seconds.